 Dungeon Crawl Stone Soup version 0.31.0-12-g77e489cdc1 (webtiles) character file.

Game seed: 8143137792059653856

96 lordive the Ruffian (level 4, -3/28 HPs)
             Began as an Octopode Shapeshifter on Feb 29, 2024.
             Killed by divine providence
             ... invoked by an orc priest
              (12 damage)
             ... on level 3 of the Dungeon.
             The game lasted 00:01:57 (1853 turns).

lordive the Ruffian (Octopode Shapeshifter)         Turns: 1853, Time: 00:01:58

Health: -3/28      AC:  1    Str: 13    XL:     4   Next: 67%
Magic:  4/4        EV: 13    Int: 14    God:
Gold:   123        SH:  0    Dex: 11    Spells: 3/3 levels left

rFire   . .          .
                       - Unarmed
rCold   . . .        (no shield)
rNeg    . . .        (helmet currently unavailable)
rPois   .            (no amulet)
rElec   .            (no ring)
rCorr   .            (no ring)
SInv    .            (no ring)
Will    .....        (no ring)
Stlth   ++           (no ring)
HPRegen 0.24/turn    (no ring)
MPRegen 0.09/turn    (no ring)
                     (no ring)

%: no passive effects
@: beast-form
A: beast (slay +2), almost no armour, amphibious, 8 rings, camouflage 1,
gelatinous body 1, (nimble swimmer 1), tentacles
a: Begin Untransformation


You were on level 3 of the Dungeon.
You were a hulking beast.
You visited 1 branch of the dungeon, and saw 3 of its levels.

You collected 123 gold pieces.

Inventory:

Jewellery
 j - a ring of resist corrosion
 k - a +6 ring of dexterity
Talismans
 b - a beast talisman
 c - a flux talisman
Scrolls
 d - 4 scrolls of identify {unknown}
 f - 2 scrolls of teleportation {unknown}
 g - 2 scrolls of enchant weapon {unknown}
 i - 2 scrolls of fog {unknown}
Potions
 a - a potion of lignification
 e - a potion of invisibility {unknown}
 h - a potion of magic {unknown}


   Skills:
 + Level 1.2 Fighting
 + Level 2.5 Dodging
 + Level 4.0 Unarmed Combat
 * Level 3.9 Shapeshifting


You had 3 spell levels left.
You didn't know any spells.
Your spell library contained the following spells:

 Spells                   Type           Power      Damage    Failure   Level
 Freeze                   Ice            0%         1d3       28%         1
 Sandblast                Erth           0%         2d4       28%         1
 Ensorcelled Hibernation  Hex/Ice        0%         N/A       41%         2
 Frozen Ramparts          Ice            0%         1d1       65%         3
 Hailstorm                Conj/Ice       0%         3d5       65%         3
 Passwall                 Erth           0%         N/A       65%         3
 Stone Arrow              Conj/Erth      0%         3d7       65%         3
 Swiftness                Air            0%         N/A       65%         3
 Brom's Barrelling Bould  Conj/Erth      0%         2d3       96%         4


Dungeon Overview and Level Annotations

Branches:
Dungeon (3/15)

Altars:


Innate Abilities, Weirdness & Mutations

You are a hulking beast.
Your limbs bulge with bestial killing power. (Slay +2)
You cannot wear most types of armour.
You are amphibious.
You can wear up to eight rings at the same time.
Your skin changes colour to match your surroundings (Stealth+).
Your rubbery body absorbs attacks. (AC +1, EV +1)
((You are camouflaged when in or above water. (Stealth+)))
You have tentacles for arms and can constrict up to eight enemies at once.


Message History

The orc shouts!
You hear a shout!
An orc comes into view. It is wielding a +0 flail.
The orc moves out of view.
An orc is nearby!
An orc is nearby!
An orc is nearby!
An orc comes into view. It is wielding a +0 dagger.
An orc comes into view. It is wielding a +0 whip.
A kobold comes into view.
It is wielding a +0 dagger and quivering poisoned darts.
An orc comes into view. It is wielding a +0 mace.
Found a leather armour.
The kobold shouts!
You bludgeon the orc!
You kill the orc!
You hear a shout! x3
An orc priest comes into view. It is wielding a +0 dagger.
The orc priest shouts!
You tentacle-slap the orc. Your grab misses the orc.
The orc is almost dead.
The orc closely misses you.
An orc comes into view. It is wielding a +0 hand axe.
You tentacle-slap the orc.
You kill the orc!
Your Unarmed Combat skill increases to level 4!
You closely miss the kobold. You grab the kobold. You constrict the kobold.
The kobold closely misses you.
The orc priest mumbles some strange prayers to Beogh against you.
Beogh smites you!
An orc comes into view. It is wielding a +0 mace.
You bludgeon the kobold!
You kill the kobold!
The orc priest invokes the aid of Beogh against you.
Pain shoots through your body!
* * * LOW HITPOINT WARNING * * *
You are too injured to fight recklessly!
You are too injured to fight recklessly!
Unknown command.
The orc priest mumbles some strange prayers to Beogh against you.
Beogh smites you!
You die...

#.o## ##.o## ##..##
##o.# ##.# #########.##
..# ........#.o#### #..#
.....##.##.o..#######..#
####'##.#####o..h..##..#
......#.# ######.##..#
......#.# #..#..##
##....#.# ##.#...###
.....##.# #...#...#
##.#.##.# ##.....>#
#.#.##.# ##.###.#
#.#.##.# #...# #.#.##.#
###.#


You could see an orc priest and 2 orcs.

Vanquished Creatures
  Terence (D:2)
  An adder (D:2)
  A dart slug (D:1)
  2 ribbon worms (D:2)
  2 orcs (D:3)
  4 ball pythons
  4 endoplasms (D:1)
  5 giant cockroaches
  7 goblins (D:1)
  6 hobgoblins
  5 kobolds
  A quokka (D:1)
  2 bats (D:1)
  6 frilled lizards
  2 rats (D:1)
49 creatures vanquished.

Notes
Turn   | Place    | Note
-------+----------+-------------------------------------------
     0 | D:1      | lordive the Octopode Shapeshifter began the quest for the
                  | Orb.
     0 | D:1      | Reached XP level 1. HP: 13/13 MP: 1/1
    44 | D:1      | Reached XP level 2. HP: 14/18 MP: 2/2
   332 | D:1      | Reached XP level 3. HP: 17/23 MP: 3/3
  1107 | D:2      | Reached XP level 4. HP: 21/28 MP: 4/4
  1247 | D:2      | Noticed Terence
  1259 | D:2      | Killed Terence
  1832 | D:3      | Reached skill level 4 in Unarmed Combat
  1853 | D:3      | Killed from afar by an orc priest

Illustrated notes

Levels and vault maps discovered:
D:1:      minmay_arrival_wavy_path, layout_basic, minivault_4, st_stairs_10
D:2:      layout_basic, uniq_crazy_yiuf_cottage, uniq_terence
D:3:      layout_basic, uniq_ijyb

Skill      XL: |  1  2  3  4 |
---------------+-------------+-----
Unarmed Combat | 4 |  4.0
Fighting       | |  1.2
Dodging        | |  2.5
Shapeshifting  | |  3.9

Action                     |  1- 3 |  4- 6 || total
---------------------------+-------+-------++-------
  Melee: Unarmed           |    70 |    21 ||    91
         Constrict         |    18 |     4 ||    22
         Tentacles         |    10 |     6 ||    16
         Punch             |     2 |     2 ||     4
   Stab: Sleeping          |     4 |     1 ||     5
 Armour: Skin              |    29 |     3 ||    32
  Dodge: Dodged            |    29 |    10 ||    39
